Map: Orbital Shipyard

Players

MoonLjth - Winner!

  • Race: Protoss Protoss
  • League: Platinum

iQuitBYE - Winner!

  • Race: Protoss Protoss
  • League: Grandmaster

GuiGus

  • Race: Zerg Zerg
  • League: Gold

TENNEBREUX

  • Race: Zerg Zerg
  • League: Silver

VOD

Have the link to the VOD?

Description

Time

  • Played on: Oct. 2, 2015, 12:19 p.m.
  • Length: 5:53
Show
View Real Time Build Order
Export as new Build Order

MoonLjth Protoss - Winner!

Build Orders:  

Get SALT Encoding   

  12  0:00  Probe (Chrono Boost)  
  13  0:18  Probe (Chrono Boost), Pylon  
  14  0:27  Probe (Chrono Boost)  
  15  0:37  Gateway  
  15  0:39  Probe (Chrono Boost)  
  16  0:44  Assimilator  
  16  0:49  Probe (Chrono Boost)  
  17  0:55  Assimilator  
  17  0:59  Probe (Chrono Boost)  
  18  1:07  Pylon  
  18  1:09  Probe (Chrono Boost)  
  19  1:21  Probe (Chrono Boost)  
  19  1:25  Cybernetics Core  
  20  1:31  Probe (Chrono Boost)  
  21  1:33  Zealot (Chrono Boost)  
  23  1:46  Probe (Chrono Boost)  
  24  1:58  Probe (Chrono Boost)  
  24  2:00  Adept (Chrono Boost)  
  25  2:04  Warp Gate (Chrono Boost)  
  27  2:21  Nexus  
  27  2:24  Probe  
  29  2:46  Pylon  
  29  2:47  Mothership Core (Chrono Boost)  
  30  2:57  Robotics Facility  
  30  3:04  Adept  
  32  3:09  Gateway  
  32  3:13  Probe (Chrono Boost)  
  33  3:24  Pylon  
  34  3:27  Probe  
  34  3:31  Gateway  
  34  3:33  Probe  
  34  3:39  Probe  
  36  3:47  Warp Prism  
  38  3:56  Pylon  
  38  3:57  Probe  
  38  3:58  Probe  
  40  4:06  Adept  
  42  4:11  Adept  
  42  4:14  Probe  
  45  4:18  Probe  
  46  4:26  Probe  
  46  4:27  Sentry  
  46  4:28  Probe  
  48  4:34  Adept  
  49  4:38  Probe  
  49  4:39  Probe  
  51  4:48  Probe  
  51  4:51  Probe, Adept  
  51  4:55  Adept  
  51  4:58  Probe  
  47  5:02  Adept  
  47  5:03  Probe  
  49  5:08  Probe (Chrono Boost)  
  50  5:15  Probe (Chrono Boost)  
  50  5:20  Probe (Chrono Boost)  
  52  5:23  Adept x3  
  52  5:25  Probe (Chrono Boost)  
  59  5:33  Gateway  
  59  5:34  Probe (Chrono Boost)  
  59  5:35  Gateway  
  60  5:37  Probe (Chrono Boost)  
  61  5:44  Adept x2  
  61  5:46  Adept  
Show
View Real Time Build Order
Export as new Build Order

iQuitBYE Protoss - Winner!

Build Orders:  

Get SALT Encoding   

  12  0:02  Drone  
  13  0:24  Spawning Pool  
  13  0:26  Drone  
  13  0:30  Drone  
  14  0:39  Overlord  
  14  0:59  Extractor  
  15  1:11  Zergling x4  
  15  1:14  Zergling x2  
  15  1:15  Hatchery  
  16  1:28  Queen  
  18  1:34  Drone x2  
  20  1:45  Drone  
  21  1:51  Extractor  
  20  1:57  Drone  
  21  2:12  Overlord  
  21  2:22  Drone  
  22  2:26  Queen  
  23  2:32  Drone  
  22  2:41  Drone  
  22  2:42  Drone x4  
  22  2:43  Drone  
  28  2:54  Drone x2  
  30  3:02  Metabolic Boost  
  30  3:08  Drone x3  
  30  3:09  Extractor  
  32  3:20  Drone x2  
  32  3:22  Hatchery  
  33  3:27  Drone x2  
  33  3:28  Drone  
  36  3:40  Baneling Nest  
  35  3:46  Drone  
  35  3:47  Overlord x2  
  36  3:55  Lair  
  36  4:03  Overlord  
  36  4:04  Overlord  
  36  4:09  Zergling x4  
  41  4:10  Zergling x6  
  41  4:11  Zergling x2  
  41  4:27  Zergling x10  
  36  4:35  Zergling x2  
  36  4:36  Zergling x2  
  32  4:52  Drone x4  
  24  5:01  Drone x3  
  24  5:14  Drone x2  
  24  5:15  Drone  
  25  5:30  Drone  
  25  5:31  Zergling x4  
  25  5:32  Zergling x6  
  25  5:34  Zergling x2  
Show
View Real Time Build Order
Export as new Build Order

GuiGus Zerg 

Build Orders:  

Get SALT Encoding   

Show
View Real Time Build Order
Export as new Build Order

TENNEBREUX Zerg 

Build Orders:  

Get SALT Encoding   

Tags
 
Add a new tag
Caveats
  • Supply blocks, unpowered buildings, or Contaminate may cause inaccurate times.
  • Supply counts are checked every 10 seconds.